Map: 16-Bit LE

Players

Shako

  • Race: Zerg Zerg
  • League: Diamond
  • Spawn Location: 7:00

Massacre - Winner!

  • Race: Protoss Protoss
  • League: Diamond
  • Spawn Location: 1:00

VOD

Have the link to the VOD?

Description

Time

  • Played on: July 22, 2018, 2:32 p.m.
  • Length: 23:10
Show
View Real Time Build Order
Export as new Build Order

Shako Zerg 

Build Orders: Hatch First 

Get SALT Encoding   

  12  0:00  Drone  
  13  0:14  Overlord  
  13  0:18  Drone  
  14  0:32  Drone x2  
  16  0:37  Drone  
  17  0:54  Hatchery  
  16  0:58  Drone  
  16  1:00  Drone  
  18  1:05  Extractor  
  17  1:17  Spawning Pool  
  16  1:20  Drone  
  16  1:23  Drone  
  18  1:31  Drone  
  19  1:44  Overlord  
  19  2:03  Queen  
  19  2:05  Metabolic Boost  
  19  2:06  Queen  
  23  2:10  Zergling x2  
  24  2:20  Drone x4  
  28  2:43  Hatchery  
  27  2:51  Drone, Overlord  
  28  2:55  Drone x2  
  30  3:05  Drone x3  
  33  3:12  Pneumatized Carapace  
  33  3:18  Queen  
  35  3:23  Drone x2  
  37  3:31  Drone x3  
  40  3:37  Overlord  
  40  3:41  Drone x3  
  43  3:50  Drone  
  43  3:52  Spore Crawler x2  
  42  3:56  Drone x3  
  42  4:01  Evolution Chamber  
  44  4:06  Overlord  
  44  4:13  Evolution Chamber  
  44  4:14  Drone  
  44  4:15  Drone x3  
  47  4:27  Spore Crawler  
  45  4:34  Drone, Zergling x2  
  45  4:35  Zergling x10  
  50  4:51  Drone x7  
  53  5:02  Overlord x2  
  53  5:03  Zerg Melee Weapons Level 1  
  53  5:07  Overlord  
  53  5:16  Zerg Ground Armor Level 1  
  53  5:18  Overlord  
  50  5:32  Drone x4  
  54  5:38  Extractor x2  
  54  5:39  Extractor  
  51  5:52  Drone x3  
  51  5:53  Drone x4  
  51  5:54  Drone x2  
  58  6:04  Drone x7  
  58  6:11  Queen  
  63  6:12  Drone  
  66  6:23  Overlord  
  66  6:24  Overlord  
  66  6:30  Extractor  
  66  6:32  Extractor, Baneling Nest  
  63  6:33  Zergling x6  
  66  6:42  Zergling x2  
  66  6:43  Hatchery, Zergling x12  
  72  6:48  Drone x3  
  75  7:05  Zergling x2  
  75  7:06  Zergling x14  
  77  7:19  Zergling x10  
  81  7:23  Baneling x9  
  80  7:37  Lair  
  80  7:42  Drone  
  80  7:43  Overlord x7  
  81  7:59  Drone x6  
  81  8:02  Overlord x5  
  87  8:14  Drone x2  
  87  8:15  Drone x2  
  87  8:16  Drone x3  
  93  8:39  Zerg Melee Weapons Level 2  
  93  8:40  Zerg Ground Armor Level 2, Hydralisk Den  
  92  8:45  Centrifical Hooks  
  92  8:50  Baneling x4  
  92  8:55  Queen  
  92  8:57  Overlord x3  
  92  8:58  Drone x5  
  92  8:59  Drone x2  
  101  9:14  Grooved Spines, Hydralisk x14  
  129  9:22  Baneling x3  
  129  9:23  Baneling  
  127  9:33  Drone x2  
  127  9:34  Overlord x2  
  127  9:35  Zergling x2  
  127  9:36  Zergling x20  
  140  9:53  Zergling x12  
  141  10:05  Overseer  
  135  10:12  Extractor x2  
  133  10:17  Zergling x22  
  133  10:18  Zergling x2  
  133  10:21  Baneling x10  
  144  10:22  Baneling x9  
  144  10:25  Muscular Augments  
  144  10:41  Burrow  
  144  10:46  Zergling x10  
  144  10:47  Zergling x18  
  157  10:57  Overlord x3  
  157  10:58  Overlord x2  
  157  11:00  Zergling x18  
  157  11:02  Baneling x5  
  157  11:03  Hydralisk x3, Baneling x8  
  168  11:17  Hydralisk x4  
  161  11:37  Hydralisk x11  
  167  11:51  Zergling x2  
  167  11:52  Zergling x8  
  172  12:01  Zergling x12  
  178  12:04  Baneling  
  178  12:20  Zergling x14  
  185  12:24  Zerg Missile Weapons Level 1  
  185  12:25  Infestation Pit  
  185  12:27  Zergling x2  
  185  12:28  Zergling x6  
  188  12:46  Baneling  
  188  12:47  Baneling x22  
  188  12:48  Baneling x2  
  177  13:06  Zergling x24  
  177  13:09  Hive  
  189  13:30  Zergling x16  
  189  13:32  Hatchery  
  178  13:44  Hydralisk x9  
  193  14:06  Hydralisk x3  
  193  14:08  Overlord  
  192  14:29  Zergling x18  
  198  14:33  Extractor  
  198  14:37  Extractor  
  196  14:39  Baneling x8  
  178  14:48  Zergling x2  
  178  14:49  Zergling x18  
  164  14:56  Zergling x22  
  137  15:05  Zergling x4  
  129  15:11  Zergling x2  
  129  15:12  Zergling x18  
  129  15:26  Hydralisk x2  
  129  15:27  Hydralisk x4  
  140  15:35  Hydralisk x5  
  140  15:36  Hydralisk x6  
  140  15:42  Spore Crawler  
  161  15:44  Spine Crawler  
  161  15:47  Hydralisk x7  
  174  15:55  Hatchery  
  173  16:03  Hydralisk x9  
  191  16:07  Hydralisk  
  191  16:08  Hydralisk x3  
  199  16:12  Adrenal Glands  
  199  16:13  Zerg Ground Armor Level 3, Zerg Melee Weapons Level 3  
  199  16:26  Baneling x24  
  199  16:27  Baneling x5  
  199  16:30  Zergling x4  
  199  16:33  Baneling x5  
  193  16:57  Zergling x14  
  188  17:24  Spire  
  188  17:27  Drone x2  
  189  17:47  Spine Crawler  
  185  17:53  Spine Crawler  
  185  17:55  Spore Crawler  
  162  18:48  Zergling x26  
  137  18:50  Zerg Missile Weapons Level 2  
  137  18:52  Zergling x30  
  137  18:53  Zergling x4  
  149  19:01  Zergling x12  
  149  19:02  Zergling x14  
  159  19:08  Baneling x2  
  152  19:10  Hydralisk  
  152  19:11  Hydralisk  
  152  19:14  Zergling x6  
  152  19:15  Zergling x34  
  131  19:26  Zergling x2  
  131  19:27  Zergling x26  
  131  19:28  Baneling  
  131  19:29  Baneling  
  120  19:50  Zergling x20  
  76  20:01  Baneling x6  
  75  20:09  Baneling x6  
  75  20:10  Zergling x8  
  75  20:12  Overseer  
  76  20:27  Overlord  
  77  20:28  Zergling x10  
  77  20:29  Zergling x6  
  59  20:46  Corruptor  
  61  21:02  Corruptor  
  62  21:15  Greater Spire  
  60  21:40  Hatchery  
  59  21:49  Extractor  
  59  21:53  Extractor  
  57  22:28  Brood Lord  
  59  22:31  Brood Lord  
Show
View Real Time Build Order
Export as new Build Order

Massacre Protoss - Winner!

Build Orders: 1 Gate Expand, Phoenix Opening 

Get SALT Encoding   

  12  0:00  Probe  
  13  0:12  Probe  
  14  0:20  Pylon  
  14  0:25  Probe  
  15  0:35  Probe  
  15  0:41  Gateway  
  16  0:44  Probe  
  16  0:48  Assimilator  
  17  0:52  Probe  
  18  1:20  Nexus  
  18  1:30  Cybernetics Core  
  18  1:33  Probe  
  19  1:40  Assimilator  
  19  1:41  Probe  
  20  1:52  Probe  
  21  1:59  Pylon  
  21  2:01  Probe  
  22  2:09  Probe, Warp Gate  
  23  2:17  Adept  
  25  2:24  Probe  
  26  2:35  Probe  
  26  2:36  Probe  
  28  2:44  Adept  
  30  2:48  Probe x2  
  30  2:49  Stargate  
  30  2:58  Probe  
  31  3:00  Probe  
  33  3:06  Probe, Gateway  
  33  3:07  Gateway  
  34  3:14  Adept  
  34  3:17  Probe  
  37  3:23  Probe  
  37  3:25  Phoenix  
  38  3:29  Probe  
  41  3:36  Probe  
  42  3:41  Probe  
  42  3:43  Pylon x2  
  42  3:48  Probe  
  44  3:53  Probe  
  45  4:00  Probe  
  45  4:01  Oracle  
  49  4:05  Probe, Assimilator  
  49  4:09  Assimilator  
  50  4:12  Probe, Pylon  
  51  4:17  Probe  
  52  4:24  Probe  
  52  4:28  Robotics Facility  
  52  4:29  Probe  
  54  4:36  Probe  
  55  4:57  Adept x2  
  55  5:05  Nexus  
  55  5:08  Pylon  
  55  5:09  Pylon  
  55  5:19  Probe x2  
  57  5:24  Adept  
  58  5:31  Probe  
  59  5:35  Probe  
  59  5:40  Immortal  
  64  5:43  Probe  
  64  5:44  Forge x2  
  64  5:48  Gateway, Probe  
  64  5:49  Gateway  
  66  5:55  Adept  
  68  6:02  Protoss Ground Weapons Level 1  
  68  6:03  Protoss Ground Armor Level 1  
  67  6:04  Adept x2  
  69  6:17  Probe x3  
  72  6:24  Twilight Council  
  72  6:26  Immortal  
  72  6:28  Adept x3  
  72  6:29  Probe x3  
  85  6:41  Probe x3  
  85  6:43  Assimilator  
  85  6:45  Assimilator  
  88  6:50  Pylon  
  88  6:53  Probe x2, Pylon  
  88  6:54  Probe  
  91  7:05  Probe  
  86  7:25  Probe x3  
  89  7:31  Immortal  
  89  7:32  Zealot x5  
  99  7:37  Charge, Probe  
  99  7:39  Oracle  
  107  7:47  Templar Archives  
  107  7:52  Gateway  
  107  7:54  Gateway  
  107  7:55  Gateway  
  107  8:03  Shield Battery  
  107  8:04  Pylon  
  107  8:05  Shield Battery, Photon Cannon  
  107  8:11  Observer  
  107  8:12  Protoss Ground Weapons Level 2, Protoss Ground Armor Level 2  
  108  8:18  Nexus  
  108  8:23  Pylon  
  108  8:27  Immortal, Probe x2  
  114  8:39  Psionic Storm  
  114  8:46  Zealot x4  
  114  8:47  Zealot  
  124  9:01  Immortal  
  128  9:10  Pylon x2  
  122  9:28  Probe x3  
  119  9:33  Warp Prism  
  119  9:38  Zealot x3  
  119  9:39  Zealot x5  
  119  9:40  Probe  
  138  9:51  Blink  
  126  10:04  Zealot, High Templar  
  126  10:05  High Templar x4  
  116  10:10  Probe x4  
  116  10:22  Probe x3  
  116  10:23  Probe  
  116  10:26  High Templar x2  
  116  10:27  High Templar  
  126  10:35  Probe x4  
  130  10:38  Archon, Gateway  
  130  10:39  High Templar x3  
  130  10:40  High Templar x2, Gateway  
  130  10:41  Gateway, Protoss Ground Weapons Level 3  
  130  10:42  Protoss Ground Armor Level 3  
  140  10:43  Archon x2  
  140  10:44  Archon, Gateway  
  140  10:47  Probe x3  
  139  11:26  Zealot x5  
  139  11:27  Zealot  
  129  11:40  Immortal, Probe x4  
  129  11:44  High Templar x2  
  136  11:48  Archon  
  136  11:52  Probe  
  141  11:57  Probe x3  
  144  12:02  Pylon  
  144  12:04  Probe, Pylon  
  144  12:06  Pylon  
  144  12:08  High Templar x5  
  147  12:09  Probe, Assimilator  
  147  12:12  Archon, Immortal  
  147  12:13  Archon  
  147  12:14  Assimilator  
  156  12:15  Pylon  
  156  12:19  Pylon  
  156  12:22  Pylon  
  159  12:23  Photon Cannon x2  
  159  12:26  Pylon  
  143  12:46  Zealot x2  
  143  12:47  Zealot x7  
  143  12:48  Zealot  
  143  12:51  Observer  
  161  12:56  Nexus  
  161  12:57  Zealot x2, Pylon  
  166  12:58  Pylon  
  166  13:04  Nexus  
  163  13:10  Probe x3  
  166  13:13  Assimilator  
  166  13:22  Probe x3  
  166  13:23  Warp Prism  
  171  13:34  Probe  
  157  13:44  Zealot x5  
  157  13:45  Zealot x4  
  157  13:46  Zealot  
  169  14:08  Immortal  
  171  14:13  Probe  
  172  14:20  Pylon x2  
  172  14:23  Pylon  
  172  14:24  Pylon  
  172  14:27  Probe x2  
  172  14:32  Probe x2  
  172  14:34  Zealot  
  172  14:39  Probe  
  172  14:44  Probe x2  
  139  14:47  Warp Prism  
  88  15:07  Zealot x6  
  88  15:10  Probe  
  97  15:17  Probe x2  
  95  15:22  Probe  
  96  15:29  Probe x2  
  94  15:41  Probe x3  
  97  15:46  High Templar x3  
  97  15:47  High Templar x2  
  97  15:48  High Templar  
  109  15:53  Probe x2  
  111  16:09  Pylon  
  109  16:11  Assimilator  
  109  16:15  Zealot x3  
  109  16:16  Zealot x2  
  118  16:42  Nexus, Stalker  
  118  16:43  Stalker  
  118  16:44  Zealot x3  
  122  16:53  Zealot  
  111  16:54  Zealot x3  
  111  16:55  Zealot x2  
  111  17:10  High Templar x5  
  121  17:16  Archon x2  
  121  17:20  High Templar x5  
  121  17:21  High Templar  
  133  17:24  Archon  
  133  17:25  Archon x2  
  115  17:59  High Templar x2  
  115  18:00  High Templar x6  
  115  18:01  High Templar  
  115  18:03  Archon  
  115  18:04  Archon x3  
  133  18:06  Zealot  
  133  18:11  Zealot  
  135  18:32  Zealot x6  
  121  18:56  High Templar x2  
  101  19:30  Zealot x4  
  101  19:31  Zealot x6  
  95  19:53  Archon x2  
  95  20:11  Nexus  
  95  20:26  Zealot x2  
  73  20:44  Probe  
  74  20:51  Probe  
  74  20:52  Pylon  
  74  20:53  Pylon  
  74  20:55  Pylon  
  74  20:56  Probe  
  76  21:03  Probe  
  77  21:08  Probe  
  77  21:11  Zealot x4  
  78  21:12  Zealot x4  
  78  21:14  Zealot  
  92  21:28  Probe x2  
  94  21:54  High Templar x6  
  106  22:08  Zealot x4  
  112  22:27  Zealot x2  
  112  22:28  Zealot x6  
  112  22:29  Zealot  
  130  22:30  Zealot  
  132  22:49  Zealot x6  
  132  22:50  Zealot  
Tags
 
Add a new tag
Caveats
  • Supply blocks, unpowered buildings, or Contaminate may cause inaccurate times.
  • Supply counts are checked every 10 seconds.